AoeStats
← hugo-etienne

MegaRandom

506933969Analyzed
1v1 RM · 17d ago on Sep 15, 2026· 41m 58s· 2 players
Game mode
Random Map
Map size
Tiny (2 player)
Population
200
Speed
Normal
Resources
Standard
Victory
Conquest
Starting age
Dark Age
Ending age
Imperial Age
RankedLock teamsTeams togetherTeam positionsShared explorationLock speedFull tech treeHidden civsTurbo modeCheats
Victory
Defeat
🇺🇦 Cumans · Ukraine
558
+15
🇫🇷 Burgundians · France
530
-20
hugo-etienne
0:45 Loom
7:32 Wheelbarrow
7:32 Horse Collar
11:00 Double-Bit Axe
14:30 Gold Mining
14:32 Stone Mining
19:58 Feudal Age
20:39 Heavy Plow
21:28 Arson
22:18 Hand Cart
21:49 Town Watch
22:24 Bow Saw
22:53 Stone Shaft Mining
22:54 Gold Shaft Mining
25:14 Padded Archer Armor
25:15 Scale Mail Armor
25:21 Scale Barding Armor
30:33 Castle Age
31:51 Town Patrol
31:50 Cavalier
32:30 Husbandry
31:51 Light Cavalry
33:00 Chain Barding Armor
32:56 Chain Mail Armor
35:18 Pikeman
35:59 Squires
36:21 Leather Archer Armor
35:57 Fletching
36:18 Forging
37:48 Bodkin Arrow
41:49 Burgundian Vineyards
Bohdad
10:39 Feudal Age
11:54 Wheelbarrow
11:07 Double-Bit Axe
11:32 Horse Collar
19:50 Castle Age
18:14 Fletching
19:01 Gold Mining
19:21 Stone Mining
20:37 Heavy Plow
21:00 Bow Saw
23:01 Hand Cart
24:20 Loom
24:22 Town Watch
25:25 Gold Shaft Mining
27:30 Town Patrol
28:36 Bodkin Arrow
32:00 Imperial Age
30:08 Bodkin Arrow
30:24 Forging
31:30 Scale Barding Armor
33:10 Iron Casting
33:21 Crop Rotation
34:35 Two-Man Saw
34:35 Conscription
35:31 Cavalier
36:24 Town Patrol
37:00 Ballistics
Connection lost

Rejoining the realm…

Still unreachable

The connection could not be restored.

Session expired

The server has moved on; the page needs a fresh start.